 Dungeon Crawl Stone Soup version 0.17-a0-1691-g18a3847 (console) character file.

8307 Monkaria the Unseen (level 11, -1/51 HPs)
             Began as a Felid Chaos Knight on Aug 19, 2015.
             Succumbed to Nessos's poison
             ... on level 13 of the Dungeon.
             The game lasted 00:42:08 (18841 turns).

Monkaria the Unseen (Felid Chaos Knight)           Turns: 18841, Time: 00:42:08

Health: -1/51      AC:  5    Str: 16      XL:     11   Next: 8%
Magic:  24/24      EV: 32    Int: 19      God:    Xom [...*..]
Gold:   1042       SH:  0    Dex: 20 (22) Spells: 1 memorised, 21 levels left
                                        Lives:  0   Deaths: 3

rFire  . . .     SeeInvis +       - Unarmed
rCold  + . .     Rnd*Rage +     (armour unavailable)
rNeg   . . .     SustAt   .     (shield unavailable)
rPois  .         Gourm    .     (helmet unavailable)
rElec  .         Spirit   .     (cloak unavailable)
rCorr  .         Warding  .     (gloves unavailable)
rMut   .         Stasis   .     (boots unavailable)
MR     +....                    r - amulet of rage
Stlth  ++++++++..               t - ring of Due Proportion {AC+2 Int+4}
                                K - +3 ring of dexterity

@: lethally poisoned (-1 -> -20), quick, somewhat resistant to hostile
enchantments, extraordinarily stealthy
A: no armour, no weapons or thrown items, claws 1, fangs 3, horns 1, thin
skeletal structure 1, see invisible, agile 1, berserk 1, carnivore 3,
deterioration 1, speed 1, high mp 1, screaming 1, shaggy fur 3, slow metabolism
1, strong 2, wild magic 1, sharp paws
a: Renounce Religion, Evoke Berserk Rage


You were on level 13 of the Dungeon.
You worshipped Xom.
You were a favourite toy of Xom.
You were completely stuffed.

You visited 2 branches of the dungeon, and saw 14 of its levels.
You also visited: Sewer and Ice Cave.

You collected 1186 gold pieces.

Inventory:

Armour
 P - a +1 pair of gloves of cold resistance
Rods
 E - a -3 rod of the swarm (11/11)
   (You found it on level 7 of the Dungeon)
Jewellery
 k - an uncursed amulet of stasis
 m - an uncursed amulet of resist corrosion
 p - a +3 ring of dexterity
 r - an amulet of rage (around neck)
 t - the ring of Due Proportion (right paw) {AC+2 Int+4}
   (Xom gifted it to you on level 6 of the Dungeon)

   [ring of protection]

   It affects your AC (+2).
   It affects your intelligence (+4).
 D - an uncursed ring of teleportation
 H - an uncursed ring of fire
 K - a +3 ring of dexterity (left paw)
Magical devices
 g - a wand of cold (6)
 q - a wand of magic darts (0)
 u - a wand of random effects (0)
 w - a wand of cold (3)
 x - a wand of lightning (0)
 y - a wand of polymorph (0)
 G - a wand of paralysis (0)
 T - a wand of enslavement (9)
Scrolls
 b - 6 scrolls of enchant armour
 d - 4 scrolls of amnesia
 f - 3 scrolls of fear
 j - 2 scrolls of noise
 l - 6 scrolls of immolation
 s - 6 scrolls of recharging
 A - 3 scrolls of silence
 J - 3 scrolls of blinking
 L - 4 scrolls of remove curse
 U - 2 scrolls of identify
Potions
 h - 2 potions of flight
 v - 5 potions of degeneration
 z - a potion of cancellation
 N - a potion of magic
 R - a potion of brilliance
Books
 n - Liohits's Handbook of Darkness and Companions
   (Xom gifted it to you on level 3 of the Dungeon)

   Spells                             Type                      Level
   a - Summon Small Mammal            Summoning                    1
   b - Sublimation of Blood           Necromancy                   2
   c - Regeneration                   Charms/Necromancy            3
   d - Summon Ice Beast               Ice/Summoning                4
   e - Control Undead                 Necromancy                   4
 o - a book of Changes

   Spells                             Type                      Level
   a - Beastly Appendage              Transmutation                1
   b - Sticks to Snakes               Transmutation                2
   c - Spider Form                    Transmutation/Poison         3
   d - Ice Form                       Ice/Transmutation            4
   e - Blade Hands                    Transmutation                5
 C - a book of Ice

   Spells                             Type                      Level
   a - Ice Form                       Ice/Transmutation            4
   b - Metabolic Englaciation         Hexes/Ice                    5
   c - Ozocubu's Refrigeration        Ice                          6
   d - Bolt of Cold                   Conjuration/Ice              6
   e - Freezing Cloud                 Conjuration/Ice/Air          6
   f - Simulacrum                     Ice/Necromancy               6
 I - a book of Frost

   Spells                             Type                      Level
   a - Freeze                         Ice                          1
   b - Throw Frost                    Conjuration/Ice              2
   c - Ozocubu's Armour               Charms/Ice                   3
   d - Throw Icicle                   Conjuration/Ice              4
   e - Summon Ice Beast               Ice/Summoning                4
   f - Condensation Shield            Ice                          4
 O - a book of Geomancy

   Spells                             Type                      Level
   a - Sandblast                      Earth                        1
   b - Stoneskin                      Transmutation/Earth          2
   c - Passwall                       Transmutation/Earth          3
   d - Stone Arrow                    Conjuration/Earth            3
   e - Petrify                        Transmutation/Earth          4
   f - Lee's Rapid Deconstruction     Earth                        5
 Q - a book of Ice

   Spells                             Type                      Level
   a - Ice Form                       Ice/Transmutation            4
   b - Metabolic Englaciation         Hexes/Ice                    5
   c - Ozocubu's Refrigeration        Ice                          6
   d - Bolt of Cold                   Conjuration/Ice              6
   e - Freezing Cloud                 Conjuration/Ice/Air          6
   f - Simulacrum                     Ice/Necromancy               6
 S - Waalos's Catalogue of Ice
   (You found it in an ice cave)

   Spells                             Type                      Level
   a - Throw Frost                    Conjuration/Ice              2
   b - Ensorcelled Hibernation        Hexes/Ice                    2
   c - Summon Ice Beast               Ice/Summoning                4
   d - Ice Form                       Ice/Transmutation            4
   e - Metabolic Englaciation         Hexes/Ice                    5
   f - Bolt of Cold                   Conjuration/Ice              6
Miscellaneous
 e - a stone of tremors (inert)
 F - a plain deck of wonders {drawn: 3}
 M - a stone of tremors (inert)
Comestibles
 a - 3 meat rations
 c - 9 royal jellies
 i - 3 slices of pizza
 B - 6 beef jerkies
 V - a chunk of flesh


   Skills:
 - Level 8.0 Fighting
 + Level 14.6 Dodging
 - Level 15.0 Stealth
 - Level 8.1 Unarmed Combat
 - Level 7.1 Spellcasting
 - Level 6.0 Charms
 - Level 6.1 Necromancy


You had 21 spell levels left.
You knew the following spells:

 Your Spells              Type           Power        Failure   Level  Hunger
a - Regeneration          Chrm/Necr      #####.....   7%          3    #......


Dungeon Overview and Level Annotations

Branches:
Dungeon (13/15)            Temple (1/1) D:7            Lair (0/8) D:8
    Orc (0/4) D:9
 Vaults: D:13-14

Altars:
Ashenzari
Cheibriados
Dithmenos
Elyvilon
Fedhas
Gozag
Kikubaaqudgha
Makhleb
Nemelex Xobeh
Okawaru
Qazlal
Ru
Sif Muna
Trog
Vehumet
Xom
Yredelemnul
Zin
The Shining One

Shops:
D:11 =

Annotations:
D:10 Gargoyl's ghost, powerful DsAK
D:13 Nessos


Innate Abilities, Weirdness & Mutations

You cannot wear armour.
You are incapable of wielding weapons or throwing items.
You have sharp claws.
You have razor-sharp teeth.
You have supernaturally acute eyesight.
You are carnivorous and can eat meat at any time.
You cover ground quickly.
Your thick and shaggy fur keeps you warm (AC +3, rC+).
You have a slow metabolism.
Your sharp claws are effective at attacking unaware monsters.
You have a pair of small horns on your head.
You have a somewhat thin skeletal structure (Dex +2, Stealth).
You are agile. (Dex +2)
You tend to lose your temper in combat.
Your body sometimes deteriorates upon taking damage.
You have an increased reservoir of magic (+10% MP).
You occasionally shout uncontrollably at your foes.
Your muscles are very strong. (Str +4)
Your spells are a little harder to cast, but a little more powerful.


Message History

The poisoned arrow burns you.
* * * LOW HITPOINT WARNING * * *
You are more poisoned.
There is an open door, spattered with blood here.
Unknown command.
* * * LOW HITPOINT WARNING * * *
You feel sick.
You see here a poisoned arrow.
You close the door.
* * * LOW HITPOINT WARNING * * *
You feel very sick.
You swap places.
* * * LOW HITPOINT WARNING * * *
You feel sick.
* * * LOW HITPOINT WARNING * * *
You feel sick.
* * * LOW HITPOINT WARNING * * *
You feel sick.
You die...
Xom roars with laughter!

#.....# #....<#
#.....# ####'###
######+## #...##
........# ###.[#
........# ######.###
........#####........#
#
........+(N..@.......#
+
.......(#####.......>#
# ...c....# #........#
........# #.(......#
........# #####.####
+######## ##...#
#..### #.## ##+######
###'######


You could see the friendly Rirchayzeuj the naga.

Vanquished Creatures
  2 vault guards
  Erolcha (D:11)
  Erica (D:11)
  2 unseen horrors
  An ice statue (IceCv)
  7 hill giants
  A necromancer (IceCv)
  An ugly thing (D:11)
  An octopode (D:12)
  2 centaur skeletons
  A gargoyle (D:11)
  2 trolls
  2 tengu conjurers (D:13)
  10 freezing wraiths (IceCv)
  A polar bear (D:8)
  Grinder (D:3)
  6 two-headed ogres (D:11)
  Sigmund (D:3)
  4 fire elementals (D:13)
  5 yaks
  3 wyverns
  A spatial vortex (D:8)
  A warg (D:9)
  2 hell hounds (D:13)
  4 soldier ants
  2 water moccasins
  2 wasps
  2 spiders (D:8)
  4 phantoms
  An eye of draining (D:11)
  3 sky beasts
  4 orc warriors
  8 ice beasts
  A necrophage (D:12)
  4 centaurs
  An alligator simulacrum (IceCv)
  17 ogres
  A brain worm (shapeshifter) (D:4)
  6 giant frogs
  5 big kobolds
  2 wyvern zombies
  5 scorpions
  7 killer bees
  An elephant simulacrum (IceCv)
  6 wights
  4 centaur zombies
  4 jellies
  6 crimson imps
  A quasit (D:13)
  2 draconian simulacra (IceCv)
  5 hounds
  5 orc priests
  Ijyb (D:2)
  5 iguanas
  8 orc wizards
  2 wolf simulacra (IceCv)
  7 worker ants
  7 centaur simulacra (IceCv)
  A killer bee zombie (D:9)
  A spriggan simulacrum (IceCv)
  2 troll simulacra (IceCv)
  A hound zombie (D:10)
  A hound skeleton (D:4)
  2 worker ant zombies
  14 adders
  5 gnolls
  A gnoll (shapeshifter) (D:9)
  7 naga simulacra (IceCv)
  A river rat (D:3)
  An ogre simulacrum (IceCv)
  3 shadow imps
  12 white imps (IceCv)
  2 oozes
  An adder skeleton (D:6)
  5 worms
  7 giant geckos
  67 orcs
  6 ball pythons
  14 bats
  9 giant cockroaches
  6 goblins
  7 hobgoblins
  A jackal (D:3)
  28 kobolds
  5 quokkas
  2 giant gecko skeletons
  5 giant newts
  8 rats
427 creatures vanquished.

Vanquished Creatures (collateral kills)
  An ice beast (D:13)
  A vampire mosquito (D:13)
  A mottled dragon (D:13)
  A centaur (D:13)
  Crazy Yiuf (D:3)
  A worker ant (D:8)
  4 orcs
  A rat (D:8)
11 creatures vanquished.

Vanquished Creatures (others)
  Azrael (D:13)
  An orc wizard (D:3)
  3 orcs
5 creatures vanquished.

Grand Total: 443 creatures vanquished

Notes
Turn   | Place    | Note
--------------------------------------------------------------
     0 | D:1      | Monkaria the Felid Chaos Knight began the quest for the Orb.
     0 | D:1      | Reached XP level 1. HP: 10/10 MP: 2/2
    87 | D:1      | XOM: potion effect (experience)
    87 | D:1      | Reached skill level 10 in Dodging
    87 | D:1      | Reached XP level 2. HP: 14/14 MP: 3/3
    98 | D:1      | Reached XP level 3. HP: 10/17 MP: 4/4
   157 | D:1      | Reached skill level 1 in Stealth
   328 | D:1      | XOM: 1-stop teleportation journey
   666 | D:1      | XOM is BORED!
   666 | D:1      | XOM: give mutation
   666 | D:1      | Gained mutation: You tend to lose your temper in combat. [Xom's mischief]
   969 | D:2      | Noticed Ijyb
   975 | D:2      | XOM: divination: detect items
   987 | D:2      | Killed Ijyb
   987 | D:2      | Reached XP level 4. HP: 16/21 MP: 5/5
  1351 | D:2      | XOM: 8-stop teleportation journey
  1589 | D:3      | XOM: god gift: torn book {god gift}
  1590 | D:3      | Identified Liohits's Handbook of Darkness and Companions (Xom gifted it to you on level 3 of the Dungeon)
  1639 | D:3      | Found an iron altar of Okawaru.
  1904 | D:3      | XOM: polymorph quokka -> jackal
  1975 | D:3      | Reached XP level 5. HP: 4/24 MP: 6/6
  1975 | D:3      | XOM: divine lightning (protected)
  1983 | D:3      | Noticed Sigmund
  1988 | D:3      | XOM: enchant monster (good)
  2314 | D:3      | Found a glowing silver altar of Zin.
  2409 | D:3      | Noticed Crazy Yiuf
  2930 | D:3      | XOM: vitrification
  2941 | D:3      | XOM: 1-stop teleportation journey
  2946 | D:3      | XOM: god gift: 42 gold pieces
  2959 | D:3      | XOM: confuse monster(s)
  2965 | D:3      | Killed Crazy Yiuf
  2965 | D:3      | Reached skill level 5 in Stealth
  3188 | D:4      | Found a glowing drain.
  3197 | Sewer    | Entered a sewer
  3286 | Sewer    | XOM: summons 2 friendly demons
  3290 | Sewer    | Gained mutation: You are covered in thick fur (AC +2). [Felid growth]
  3290 | Sewer    | Reached XP level 6. HP: 25/28 MP: 7/7
  3333 | Sewer    | XOM: 2-stop teleportation journey
  3725 | D:4      | Noticed a phantom
  3747 | D:4      | XOM: cast spell 'Death Channel'
  3768 | D:4      | Killed a phantom
  3783 | D:4      | Reached skill level 5 in Unarmed Combat
  3819 | D:4      | Reached XP level 7. HP: 28/31 MP: 8/8
  3891 | D:4      | XOM: polymorph hound -> ooze
  4053 | D:4      | You fall through a shaft for 2 floors!
  4063 | D:6      | XOM: destruction
  4075 | D:6      | XOM: butterfly on damage
  4102 | D:6      | XOM: confusion
  4105 | D:6      | XOM: god gift: dented filigree amulet {god gift}
  4196 | D:6      | XOM: god gift: pitted turquoise ring {god gift}
  4197 | D:6      | Got a pitted turquoise ring {god gift}
  4200 | D:5      | Entered Level 5 of the Dungeon
  4201 | D:5      | Identified the ring of Due Proportion {AC+2 Int+4} (Xom gifted it to you on level 6 of the Dungeon)
  4668 | D:3      | Killed Sigmund
  4860 | D:3      | Noticed Grinder
  4941 | D:3      | Killed Grinder
  4941 | D:3      | Reached XP level 8. HP: 34/34 MP: 9/9
  5132 | D:4      | Found a radiant altar of Vehumet.
  5132 | D:4      | Found a sparkling altar of Nemelex Xobeh.
  5133 | D:4      | Found an ancient bone altar of Kikubaaqudgha.
  5270 | D:4      | XOM: fog
  5271 | D:4      | XOM: polymorph iguana -> centaur
  5306 | D:4      | XOM: cast spell 'Stoneskin'
  5361 | D:4      | Gained mutation: Your thick and shaggy fur keeps you warm (AC +3, rC+). [mutagenic meat]
  5362 | D:4      | Gained mutation: You occasionally shout uncontrollably at your foes. [mutagenic meat]
  5363 | D:4      | Gained mutation: Your body sometimes deteriorates upon taking damage. [mutagenic meat]
  5622 | D:5      | Found a shattered altar of Ashenzari.
  6015 | D:5      | Found a stormy altar of Qazlal.
  6189 | D:6      | XOM: divination: detect items
  6190 | D:6      | XOM: harmless Pois miscast
  6193 | D:6      | XOM: blink monster(s)
  6285 | D:6      | Found a bloodstained altar of Trog.
  6546 | D:7      | XOM: colour smoke trail
  6664 | D:7      | XOM: harmless Chrm miscast
  6676 | D:7      | XOM: divination: detect creatures
  6693 | D:7      | XOM: silly message
  6732 | D:7      | XOM: divination: magic mapping
  6822 | D:7      | Reached XP level 9. HP: 37/37 MP: 10/10
  6851 | D:7      | Found a staircase to the Ecumenical Temple.
  6880 | D:7      | XOM: god gift: leather armour {god gift}
  6888 | Temple   | Entered the Ecumenical Temple
  7257 | D:7      | Reached skill level 10 in Stealth
  7306 | D:7      | XOM: enchant monster (good)
  7755 | D:8      | Reached skill level 11 in Stealth
  7791 | D:8      | XOM: mild Summ miscast
  7821 | D:8      | XOM: harmless Air miscast
  7991 | D:8      | XOM: divination: detect items
  8009 | D:8      | XOM: give mutations
  8009 | D:8      | Gained mutation: Your spells are a little harder to cast, but a little more powerful. [Xom's grace]
  8009 | D:8      | Gained mutation: You have a somewhat thin skeletal structure (Dex +2, Stealth). [Xom's grace]
  8009 | D:8      | Gained mutation: You have a pair of small horns on your head. [Xom's grace]
  8009 | D:8      | Gained mutation: Your muscles are strong. (Str +2) [Xom's grace]
  8046 | D:8      | Found a staircase to the Lair.
  8046 | D:8      | XOM: 5-stop teleportation journey
  8119 | D:8      | XOM: mild Fire miscast
  8373 | D:8      | XOM: confusion
  8380 | D:8      | XOM: confuse monster(s)
  8389 | D:8      | Reached skill level 12 in Stealth
  8770 | D:8      | Found a blossoming altar of Fedhas.
  8910 | D:8      | Reached skill level 13 in Stealth
  8911 | D:8      | XOM: mild Tloc miscast
  8931 | D:8      | XOM: harmless Air miscast
  8956 | D:8      | XOM: mild Trmt miscast
  9449 | D:8      | XOM: god gift: 7 exploding sling bullets
  9614 | D:9      | XOM: god gift: scroll of immolation
  9629 | D:9      | Found a staircase to the Orcish Mines.
  9642 | D:9      | XOM: mild Tloc miscast
  9659 | D:9      | Slain by an orc warrior
  9660 | D:9      | Reached XP level 8. HP: 0/51 MP: 9/9
  9670 | D:9      | XOM: butterfly on damage
  9680 | D:9      | XOM: medium Erth miscast
  9689 | D:9      | Found a white marble altar of Elyvilon.
  9689 | D:9      | XOM: 2-stop teleportation journey
  9941 | D:8      | Noticed a polar bear
  9941 | D:8      | a yak changed into a polar bear
  9941 | D:8      | XOM: polymorph yak -> polar bear
  9942 | D:8      | XOM: enchant monster (good)
  9971 | D:8      | Reached XP level 9. HP: 33/37 MP: 10/10
  9987 | D:8      | Reached skill level 14 in Stealth
  9993 | D:8      | Killed a polar bear
 10102 | D:9      | XOM: confuse monster(s)
 10229 | D:9      | XOM: cast spell 'Spider Form'
 10243 | D:9      | XOM: confuse monster(s)
 10244 | D:9      | Found a shimmering altar of Xom.
 10309 | D:9      | Reached skill level 15 in Stealth
 10341 | D:9      | Noticed a hill giant
 10358 | D:9      | XOM: cast spell 'Metabolic Englaciation'
 10360 | D:9      | XOM: confuse monster(s)
 10621 | D:9      | XOM: confuse monster(s)
 10641 | D:9      | Killed a hill giant
 10650 | D:9      | Reached skill level 5 in Fighting
 10670 | D:9      | XOM: fake destruction
 10685 | D:9      | XOM: polymorph killer bee -> killer bee
 10879 | D:9      | XOM: butterfly on damage
 10942 | D:9      | XOM: god gift: runed greatsling {god gift}
 11091 | D:9      | XOM: scenery: 1 doors open
 11124 | D:9      | XOM: silly message
 11161 | D:9      | Found a sacrificial altar of Ru.
 11169 | D:9      | XOM: scenery: 1 doors close
 11200 | D:9      | Reached XP level 10. HP: 44/44 MP: 11/11
 11208 | D:9      | XOM: swap monsters
 11378 | D:9      | XOM: colour smoke trail
 11400 | D:9      | XOM: mild Hex miscast
 11496 | D:9      | XOM: god gift: scale mail {god gift}
 11827 | D:10     | Entered Level 10 of the Dungeon
 11827 | D:10     | Noticed a hill giant
 11829 | D:10     | Killed a hill giant
 11899 | D:10     | Noticed Gargoyl's ghost (powerful DsAK)
 11947 | D:10     | XOM: summons 2 friendly demons
 12275 | D:10     | HP: 1/48 [troll (12)]
 12281 | D:10     | XOM: summons friendly shadow imp
 12319 | D:9      | XOM: give mutations
 12319 | D:9      | Gained mutation: Your muscles are very strong. (Str +4) [Xom's grace]
 12319 | D:9      | Gained mutation: You have an increased reservoir of magic (+10% MP). [Xom's grace]
 12319 | D:9      | Gained mutation: You are agile. (Dex +2) [Xom's grace]
 12531 | D:10     | XOM: noise
 12651 | D:10     | XOM: god gift: 51 gold pieces
 12844 | D:10     | XOM: summons friendly ufetubus
 12941 | D:11     | Noticed Erica
 12950 | D:11     | XOM: confuse monster(s)
 12960 | D:11     | Killed Erica
 13088 | D:11     | Found Boaf's Jewellery Emporium.
 13269 | D:11     | Reached XP level 11. HP: 21/51 MP: 13/13
 13276 | D:11     | XOM: 2-stop teleportation journey
 13614 | D:11     | XOM: cast spell 'Summon Butterflies'
 13626 | D:11     | XOM: divination: detect creatures
 13729 | D:11     | Noticed a white ugly thing
 13732 | D:11     | XOM: potion effect (might)
 13747 | D:11     | Killed a white ugly thing
 13773 | D:11     | Noticed a hill giant
 13871 | D:10     | XOM: noise
 13899 | D:10     | Noticed Maurice
 13903 | D:10     | XOM: harmless Ice miscast
 13910 | D:10     | Noticed Maurice
 13910 | D:10     | Maurice changed into Maurice the soldier ant
 13910 | D:10     | XOM: polymorph Maurice -> Maurice the soldier ant
 13912 | D:10     | Killed Maurice the soldier ant
 14114 | D:11     | Killed a hill giant
 14245 | D:10     | XOM: harmless Summ miscast
 14249 | D:10     | XOM: confusion
 14329 | D:10     | XOM: blink monster(s)
 14339 | D:10     | XOM: enchant monster (bad)
 14711 | D:10     | XOM: silly message
 14733 | D:10     | XOM: 7-stop teleportation journey
 14818 | D:10     | XOM: butterfly on damage
 14949 | D:11     | Learned a level 3 spell: Regeneration
 14986 | D:11     | Reached skill level 1 in Charms
 14998 | D:11     | XOM: mild Hex miscast
 15015 | D:11     | XOM: colour smoke trail
 15037 | D:11     | XOM: summons 5 hostile demons
 15038 | D:11     | Noticed a soul eater
 15039 | D:11     | XOM: mild Pois miscast
 15064 | D:11     | XOM: enchant monster (bad)
 15111 | D:12     | Noticed an unseen horror
 15199 | D:12     | an unseen horror changed into an octopode
 15199 | D:12     | XOM: polymorph unseen horror -> octopode
 15204 | D:12     | Reached skill level 1 in Spellcasting
 15216 | D:12     | Noticed a hill giant
 15220 | D:12     | Killed a hill giant
 15331 | D:12     | Noticed an unseen horror
 15338 | D:12     | Killed an unseen horror
 15355 | D:12     | XOM: repel stairs
 15481 | D:12     | XOM: harmless Hex miscast
 15501 | D:12     | XOM: silly message
 15565 | D:12     | XOM: mild Hex miscast
 15582 | D:12     | XOM: mild Erth miscast
 15734 | D:12     | Reached skill level 5 in Spellcasting
 15760 | D:12     | Noticed a hill giant
 15764 | D:12     | XOM: silly message
 15767 | D:12     | Killed a hill giant
 15868 | D:12     | XOM: colour smoke trail
 16010 | D:11     | Noticed Erolcha
 16014 | D:11     | XOM: potion effect (brilliance)
 16027 | D:11     | Killed Erolcha
 16039 | D:11     | Mutation became permanent: Your thick and shaggy fur keeps you warm (AC +3, rC+). [Felid growth]
 16039 | D:11     | Reached XP level 12. HP: 55/55 MP: 25/25
 16165 | D:12     | Noticed a hill giant
 16176 | D:12     | Killed a hill giant
 16231 | D:13     | XOM: silly message
 16233 | D:13     | XOM: potion effect (invisibility)
 16238 | D:13     | Noticed a vault guard
 16247 | D:13     | XOM: polymorph giant frog -> scorpion
 16251 | D:13     | Noticed Azrael
 16252 | D:13     | XOM: medium Conj miscast
 16253 | D:13     | Killed a vault guard
 16255 | D:13     | Noticed a vault guard
 16258 | D:13     | Noticed a vault guard
 16263 | D:13     | XOM: potion effect (berserk rage)
 16274 | D:13     | XOM: blink monster(s)
 16275 | D:13     | XOM: destruction
 16283 | D:13     | XOM: cast spell 'Discord'
 16287 | D:13     | XOM: enchant monster (good)
 16301 | D:13     | Killed Azrael
 16307 | D:13     | Xom revived you
 16308 | D:13     | Xom revived you
 16309 | D:12     | XOM: swap monsters
 16311 | D:12     | XOM: divine lightning (protected)
 16316 | D:12     | Killed a vault guard
 16411 | D:12     | XOM: scenery: create altars
 16541 | D:12     | XOM: god gift: scroll of silence
 16567 | D:13     | Found a frozen archway.
 16567 | D:13     | XOM: 1-stop teleportation journey
 16575 | IceCv    | Entered an ice cave
 16583 | IceCv    | XOM: butterfly on damage
 16592 | IceCv    | XOM: vitrification
 16627 | IceCv    | XOM: fog
 16678 | IceCv    | Reached skill level 5 in Necromancy
 16720 | IceCv    | XOM: 1-stop teleportation journey
 16746 | IceCv    | XOM: god gift: robe {god gift}
 16830 | IceCv    | XOM: silly message
 16911 | IceCv    | Slain by a freezing wraith
 16912 | IceCv    | Reached XP level 11. HP: -3/51 MP: 24/24
 17180 | IceCv    | Reached skill level 5 in Charms
 17203 | IceCv    | XOM: divination: detect creatures
 17559 | IceCv    | XOM: silly message
 17652 | IceCv    | XOM: divination: detect creatures
 17737 | IceCv    | XOM: harmless Trmt miscast
 17747 | IceCv    | XOM: potion effect (berserk rage)
 17868 | IceCv    | Slain by a freezing wraith
 17869 | IceCv    | Reached XP level 10. HP: 0/48 MP: 23/23
 18022 | IceCv    | Found an ancient bone altar of Kikubaaqudgha.
 18132 | IceCv    | Identified Waalos's Catalogue of Ice
 18219 | D:13     | XOM: silly message
 18224 | D:13     | XOM: butterfly on damage
 18249 | D:13     | XOM: enchant monster (good)
 18303 | D:13     | XOM: god gift: plain deck of cards {god gift}
 18358 | D:13     | Hired Rirchayzeuj the naga for 144 gold.
 18589 | D:13     | Reached XP level 11. HP: 51/51 MP: 24/24
 18818 | D:13     | Noticed Nessos
 18839 | D:13     | HP: 2/51 [poisoned by Nessos]
 18841 | D:13     | Succumbed to Nessos's poison

Vault maps used:
D:1:      minmay_arrival_loop
D:2:      first_bread, supply_closet_lemuel, uniq_iyjb
D:3:      lemuel_doored_altar, okawaru_altar_gauntlet_db,
          uniq_crazy_yiuf_cottage, uniq_grinder, uniq_sigmund
D:4:      gammafunk_temple_overflow_claw, portal_sewer_entry_b
D:5:      overflow_temple_1_default, nicolae_ashenzari_panopticon
D:6:      kennysheep_mini
D:7:      minmay_temple_entry_nine_rooms, grunt_ministairs_12
D:8:      kennysheep_mini_moat, due_lair_maze_entry_diamond,
          hangedman_pestilent_swarm
D:9:      xom_teletrap_fun, hangedman_ru_absence, elyvilon_altar_1, erik_orc_3,
          special_room
D:10:     uniq_maurice
D:11:     lemuel_ogre_cave, serial_shops, shop, uniq_erica
D:12:     boulder_corridor_run, kennysheep_cluttered_room
D:13:     lightli_vaults_fourway_checkpoint, portal_ice_cave_entry_pillars_02,
          uniq_nessos, uniq_azrael, uniq_maud
Temple:   minmay_temple_bridge_a_8
Sewer:    kennysheep_pipe_town
IceCv:    ice_cave_small_necro

Action                   |  1- 3 |  4- 6 |  7- 9 | 10-12 || total
-------------------------+-------+-------+-------+-------++-------
Melee: Unarmed           |    89 |   247 |   450 |   732 ||  1518
 Abil: Evoke Berserk Rag |       |       |     3 |     2 ||     5
Evoke: Wand              |       |       |    21 |    11 ||    32
       Deck              |       |       |       |     3 ||     3
       Stone of tremors  |       |       |       |     1 ||     1
  Use: Potion            |       |     3 |     7 |    17 ||    27
       Scroll            |       |     7 |    12 |     5 ||    24
 Stab: Sleeping          |     5 |    11 |    27 |    23 ||    66
       Paralysed         |       |       |     2 |     3 ||     5
       Distracted        |       |       |     5 |     6 ||    11
       Confused          |       |       |     1 |     1 ||     2
       Petrified         |       |       |       |     1 ||     1
       Invisible         |       |       |       |     4 ||     4
  Eat: Chunk             |     1 |    13 |    24 |    28 ||    66
